 Dungeon Crawl Stone Soup version 0.28-a0-957-g42eb19b844 (webtiles) character file.

Game seed: 6478274477917591433

401 Redcow54321 the Shield-Bearer (level 6, 0/53 HPs)
             Began as a Gnoll Fighter on Nov 30, 2021.
             Slain by Sigmund (2 damage)
             ... on level 5 of the Dungeon.
             The game lasted 00:06:45 (3827 turns).

Redcow54321 the Shield-Bearer (Gnoll Fighter)       Turns: 3827, Time: 00:06:45

Health: 0/53       AC: 13    Str: 17    XL:     6   Next: 85%
Magic:  9/9        EV: 10    Int:  8    God:
Gold:   130        SH:  0    Dex: 11    Spells: 9/9 levels left

rFire   . . .      SeeInvis .     - Unarmed
rCold   . . .      Faith    .   (no shield)
rNeg    . . .      Spirit   .   a - +0 scale mail
rPois   .          Reflect  .   m - +0 helmet
rElec   .          Harm     .   (no cloak)
rCorr   .          Rampage  .   l - +0 pair of gloves
Will    .....                   b - +2 pair of boots {Stlth+}
Stlth   +.........              (no amulet)
HPRegen 0.17/turn               (no ring)
MPRegen 0.11/turn               (no ring)

@: no status effects
A: fangs 1, strong nose, distributed training
a: no special abilities


You were on level 5 of the Dungeon.
You visited 1 branch of the dungeon, and saw 6 of its levels.

You collected 130 gold pieces.

Inventory:

Armour
 a - a +0 scale mail (worn)
 b - a +2 pair of boots of stealth (worn)
 l - a +0 pair of gloves (worn)
 m - a +0 helmet (worn)
Scrolls
 d - 2 scrolls of torment {unknown}
 e - 4 scrolls of identify {unknown}
 f - a scroll of magic mapping {unknown}
 g - a scroll of vulnerability {unknown}
 i - a scroll of amnesia {unknown}
 k - 2 scrolls of fear {unknown}
 n - 2 scrolls of noise {unknown}
Potions
 h - a potion of invisibility {unknown}
 j - 2 potions of heal wounds {unknown}
 o - a potion of berserk rage {unknown}
 p - a potion of attraction {unknown}


   Skills:
 + Level 6.9 Fighting
 + Level 2.1 Short Blades
 + Level 2.1 Long Blades
 + Level 2.1 Axes
 + Level 2.1 Maces & Flails
 + Level 2.1 Polearms
 + Level 2.1 Staves
 + Level 2.1 Slings
 + Level 2.1 Bows
 + Level 2.1 Crossbows
 + Level 2.1 Throwing
 + Level 6.9 Armour
 + Level 2.1 Dodging
 + Level 2.1 Stealth
 + Level 6.9 Shields
 + Level 5.0 Unarmed Combat
 + Level 2.1 Spellcasting
 + Level 1.7 Conjurations
 + Level 1.7 Hexes
 + Level 1.7 Summonings
 + Level 1.7 Necromancy
 + Level 1.7 Translocations
 + Level 1.7 Transmutations
 + Level 1.7 Fire Magic
 + Level 1.7 Ice Magic
 + Level 1.7 Air Magic
 + Level 1.7 Earth Magic
 + Level 1.7 Poison Magic
 + Level 2.3 Invocations
 + Level 2.1 Evocations


You had 9 spell levels left.
You didn't know any spells.
Your spell library was empty.

Dungeon Overview and Level Annotations

Branches:
Dungeon (6/15)
 Temple: D:4-7

Altars:
Ashenzari
Cheibriados
Hepliaklqana
Trog

Annotations:
D:5 Sigmund


Innate Abilities, Weirdness & Mutations

You have very sharp teeth.
Your uncanny sense of smell can sniff out nearby items.
Your experience applies equally to all skills.


Message History

Sigmund shouts!
Sigmund casts a spell at you. You resist with some effort.
Sigmund points at you and mumbles some strange words.
The puff of flame misses you.
Sigmund mumbles some strange words.
Sigmund flickers and vanishes!
Deactivating autopickup; reactivate with Ctrl-A.
Found 14 gold pieces.
Something hits you but does no damage.
A magic dart appears from out of thin air!
The magic dart hits you.
A puff of flame appears from out of thin air!
The puff of flame hits you. Something hits you but does no damage.
Something hits you but does no damage.
You hit something. You bite something. You hit something but do no damage.
Something hits you!
You miss something. Something hits you. Something hits you!
You hit something but do no damage. Something hits you but does no damage.
You hit something. You bite something. You hit something but do no damage.
You hear some strange, mumbled words.
You are confused.
You barely miss something. Something hits you.
You bump into the rock wall.
You bump into the rock wall.
You hear some strange, mumbled words.
A puff of flame appears from out of thin air!
The puff of flame hits you!
* * * LOW HITPOINT WARNING * * *
Something hits you but does no damage.
You bump into the rock wall.
Something hits you!
* * * LOW HITPOINT WARNING * * *
You closely miss something. You bite something.
You feel less confused. Something hits you.
* * * LOW HITPOINT WARNING * * *
You barely miss something. Something hits you.
You die...

#...........
#.......####
####.#### #...#
#.### #.# #.# #
..### #.# ...
.$....#@##.....
#....{.......
#.#...#....#.
#...#....#
#.... ...#
#...# .#.#
..... ....
###... ..##
####


There were no monsters in sight!

Vanquished Creatures
  An ogre (D:4)
  A hound (D:4)
  2 orc priests (D:4)
  An iguana (D:5)
  A hound skeleton (D:4)
  A howler monkey zombie (D:4)
  6 adders
  A worm (D:4)
  4 dart slugs
  8 orcs (D:4)
  9 endoplasms
  4 giant cockroaches
  7 goblins
  4 hobgoblins
  7 jackals
  4 ball pythons
  6 bats
  6 frilled lizards
  4 kobolds
  6 rats
83 creatures vanquished.

Vanquished Creatures (others)
  An orc wizard (D:4)
1 creature vanquished.

Grand Total: 84 creatures vanquished

Notes
Turn   | Place    | Note
-------+----------+-------------------------------------------
     0 | D:1      | Redcow54321 the Gnoll Fighter began the quest for the Orb.
     0 | D:1      | Reached XP level 1. HP: 23/23 MP: 1/1
    86 | D:1      | Reached XP level 2. HP: 29/29 MP: 2/2
   143 | D:1      | Found a faded altar of an unknown god.
   385 | D:1      | Reached XP level 3. HP: 32/35 MP: 3/3
   917 | D:2      | Reached skill level 1 in Invocations
  1713 | D:2      | Reached skill level 1 in Short Blades
  1713 | D:2      | Reached skill level 1 in Long Blades
  1713 | D:2      | Reached skill level 1 in Axes
  1713 | D:2      | Reached skill level 1 in Maces & Flails
  1713 | D:2      | Reached skill level 1 in Polearms
  1713 | D:2      | Reached skill level 1 in Staves
  1713 | D:2      | Reached skill level 1 in Slings
  1713 | D:2      | Reached skill level 1 in Bows
  1713 | D:2      | Reached skill level 1 in Crossbows
  1713 | D:2      | Reached skill level 1 in Throwing
  1713 | D:2      | Reached skill level 1 in Dodging
  1713 | D:2      | Reached skill level 1 in Stealth
  1713 | D:2      | Reached skill level 1 in Spellcasting
  1713 | D:2      | Reached skill level 1 in Evocations
  1713 | D:2      | Reached XP level 4. HP: 33/41 MP: 5/5
  2109 | D:3      | Found a broken altar of Ashenzari.
  2324 | D:3      | Found a hazy altar of Hepliaklqana.
  2596 | D:3      | Reached skill level 1 in Conjurations
  2596 | D:3      | Reached skill level 1 in Hexes
  2596 | D:3      | Reached skill level 1 in Summonings
  2596 | D:3      | Reached skill level 1 in Necromancy
  2596 | D:3      | Reached skill level 1 in Translocations
  2596 | D:3      | Reached skill level 1 in Transmutations
  2596 | D:3      | Reached skill level 1 in Fire Magic
  2596 | D:3      | Reached skill level 1 in Ice Magic
  2596 | D:3      | Reached skill level 1 in Air Magic
  2596 | D:3      | Reached skill level 1 in Earth Magic
  2596 | D:3      | Reached skill level 1 in Poison Magic
  2647 | D:3      | Found a snail-covered altar of Cheibriados.
  2698 | D:3      | Found a bloodstained altar of Trog.
  2951 | D:4      | Reached XP level 5. HP: 47/47 MP: 5/7
  3118 | D:4      | Noticed an ogre
  3149 | D:4      | Killed an ogre
  3150 | D:4      | Reached XP level 6. HP: 31/53 MP: 8/8
  3308 | D:4      | Reached skill level 5 in Unarmed Combat
  3599 | D:4      | Identified the +7 halberd of Stickiness {vorpal, rN+ Int+2}
  3625 | D:4      | You fall into a shaft and drop 2 floors!
  3629 | D:5      | Entered Level 5 of the Dungeon
  3800 | D:5      | Noticed Sigmund
  3826 | D:5      | HP: 2/53 [something (3)]
  3827 | D:5      | Slain by Sigmund

Illustrated notes

Levels and vault maps discovered:
D:1:      amcnicky_arrival_blooded_trapdoor, layout_rooms,
          hellmonk_ecumenical_altar_slurped_away
D:2:      layout_basic
D:3:      layout_basic, evilmike_ruin_ashenzari,
          mainiacjoe_overflow_surrounded_room, overflow_temple_1_default,
          cheibriados_altar_1
D:4:      layout_basic
D:5:      layout_loops_cross, nicolae_elyvilon_temple_path,
          mainiacjoe_overflow_small_starburst,
          mainiacjoe_overflow_large_starburst, portal_sewer_entry_b,
          grunt_ministairs_7, minmay_ogre_servants, uniq_crazy_yiuf_cottage,
          uniq_eustachio, uniq_edmund, uniq_sigmund
D:6:      cheibrodos_steamvent, layout_basic, temple_statues, kennysheep_donut,
          minivault_14, grunt_ministairs_15, grunt_decor_mini_mirrors,
          uniq_maggie, uniq_duvessa, uniq_pikel

Skill      XL: |  1  2  3  4  5  6 |
---------------+-------------------+-----
Invocations    | 1 2 |  2.3
Short Blades   | 1 2 |  2.1
Long Blades    | 1 2 |  2.1
Axes           | 1 2 |  2.1
Maces & Flails | 1 2 |  2.1
Polearms       | 1 2 |  2.1
Staves         | 1 2 |  2.1
Slings         | 1 2 |  2.1
Bows           | 1 2 |  2.1
Crossbows      | 1 2 |  2.1
Throwing       | 1 2 |  2.1
Dodging        | 1 2 |  2.1
Stealth        | 1 2 |  2.1
Spellcasting   | 1 2 |  2.1
Evocations     | 1 2 |  2.1
Conjurations   | 1 |  1.7
Hexes          | 1 |  1.7
Summonings     | 1 |  1.7
Necromancy     | 1 |  1.7
Translocations | 1 |  1.7
Transmutations | 1 |  1.7
Fire Magic     | 1 |  1.7
Ice Magic      | 1 |  1.7
Air Magic      | 1 |  1.7
Earth Magic    | 1 |  1.7
Poison Magic   | 1 |  1.7
Unarmed Combat | 5 |  5.0
Fighting       | |  6.9
Armour         | |  6.9
Shields        | |  6.9

Action                   |  1- 3 |  4- 6 || total
-------------------------+-------+-------++-------
Melee: Unarmed           |   123 |   212 ||   335
       Bite              |    14 |    31 ||    45
       Punch             |     1 |     1 ||     2
  Use: Potion            |       |     1 ||     1
Armor: Scale mail        |    57 |   101 ||   158
Dodge: Dodged            |    48 |    84 ||   132
Block: Buckler           |     7 |       ||     7

Table legend: (Time is in decaauts)
 A = Elapsed time spent in this place.
 B = Non-inter-level travel time spent in this place.
 C = Inter-level travel time spent in this place.
 D = Time resting spent in this place.
 E = Time spent auto-exploring this place.
 F = Levels seen in this place.
 G = Mean time per level.
                   A        B        C        D        E       F      G
               +--------+--------+--------+--------+--------+-----+--------+
         Total |   3797 |   3739 |     58 |    663 |   2397 |   6 |  632.8 |
       Dungeon |   3797 |   3739 |     58 |    663 |   2397 |   6 |  632.8 |
               +--------+--------+--------+--------+--------+-----+--------+

Top non-repeatable levels by time:
     D:2: 1203 daAuts
     D:3: 895 daAuts
     D:1: 825 daAuts
     D:4: 672 daAuts
     D:5: 196 daAuts
     D:6: 3 daAuts
